 Dungeon Crawl Stone Soup version 0.16.0-16-g311141a (webtiles) character file.

546 Zapata the Basher (level 7, -1/61 HPs)
             Began as a Kobold Berserker on Mar 19, 2015.
             Was a Priest of Trog.
             Slain by a sky beast (3 damage)
             ... on level 4 of the Dungeon.
             The game lasted 00:04:33 (4090 turns).

Zapata the Basher (Kobold Berserker)                Turns: 4090, Time: 00:04:33

Health: -1/61      AC:  3    Str: 21    XL:     7   Next: 53%
Magic:  7/7        EV: 15    Int:  5    God:    Trog [***...]
Gold:   219        SH:  0    Dex: 17    Spells: 0 memorised, 6 levels left

rFire  . . .     SeeInvis .     a - +0 mace
rCold  . . .     Clarity  .     b - +0 animal skin
rNeg   . . .     SustAb   .     (no shield)
rPois  .         Gourm    .     (no helmet)
rElec  .         Spirit   .     j - +0 cloak
rCorr  .         Warding  .     (no gloves)
rMut   .         Stasis   .     (no boots)
MR     .....                    (no amulet)
Stlth  ..........               (no ring)
                                (no ring)

@: berserking, very quick, not resistant to hostile enchantments, extremely
unstealthy
A: carnivore 3
a: Burn Spellbooks, Berserk, Trog's Hand, Renounce Religion


You were on level 4 of the Dungeon.
You worshipped Trog.
Trog was most pleased with you.
You were not hungry.

You visited 1 branch of the dungeon, and saw 4 of its levels.

You collected 219 gold pieces.

Inventory:

Hand weapons
 a - a +0 mace (weapon)
Missiles
 d - 196 stones (quivered)
 o - 22 bolts
 t - 4 tomahawks of dispersal
 u - 8 tomahawks
Armour
 b - a +0 animal skin (worn)
 j - a +0 cloak (worn)
Scrolls
 e - 3 scrolls of teleportation
 h - 2 scrolls of identify
 i - a scroll of enchant armour
 l - a scroll of amnesia
 n - a scroll of noise
 r - a scroll of fear
 s - a scroll of remove curse
Potions
 f - a potion of haste {unknown}
 g - a potion of cure mutation {unknown}
 k - a potion of resistance {unknown}
 m - a potion of curing {unknown}
 q - 2 potions of berserk rage
Comestibles
 c - 2 meat rations
 p - 2 royal jellies


   Skills:
 - Level 3.2 Fighting
 + Level 8.1 Maces & Flails
 - Level 1.5 Armour
 - Level 2.4 Dodging


You had 6 spell levels left.
You didn't know any spells.

Dungeon Overview and Level Annotations

Branches:
Dungeon (4/15)
 Temple: D:4-7

Altars:
Makhleb
Ru
Zin
The Shining One

Annotations:
D:3 dig


Innate Abilities, Weirdness & Mutations

You are small and have problems with some larger weapons.
You are carnivorous and can eat meat at any time.


Message History

* * * LOW HITPOINT WARNING * * *
The sky beast shocks you.
* * * LOW HITPOINT WARNING * * *
Dmg: -4%(-2hp) hp: 15%(9hp)
You hit the sky beast!
The sky beast is moderately wounded.
You hit the sky beast but do no damage.
The sky beast is moderately wounded.
The sky beast flickers out of sight!
Deactivating autopickup; reactivate with Ctrl-A.
Something hits you but does no damage.
You closely miss something. Something hits you but does no damage.
You barely miss something. You barely miss something. Something hits you.
* * * LOW HITPOINT WARNING * * *
Something shocks you.
* * * LOW HITPOINT WARNING * * *
Huge Dmg: -13%(-8hp) hp: 4%(2hp)
You miss something. Something hits you.
You die...

..............#
#...###...##...
.........##..##
#..## ##.......
.#.......##..# #..#
###.....
.##......##..# ##.##
##.... .####....
#... #..# #.... .#
#.. #...# ##.##
##..## .#
.#....##..# ##..##
.#####.........{#..#
#..##
................@.##
##..#
..................#
##..##
...#######........#
##..## .###
##.........# ##..##
.# #...........#...#
[# #..............##
.# ..............##
.# ..#####.......###
.# #####.....####


There were no monsters in sight!

Vanquished Creatures
  2 scorpions (D:4)
  5 orc priests
  An orc wizard (D:4)
  3 worker ants
  A hound skeleton (D:4)
  7 gnolls
  3 adders
  2 oozes (D:2)
  13 orcs
  A ball python (D:2)
  5 giant cockroaches
  9 hobgoblins
  10 kobolds
  A quokka (D:3)
  5 bats
  4 giant newts (D:2)
  5 goblins
  7 jackals
  9 rats
93 creatures vanquished.

Notes
Turn   | Place    | Note
--------------------------------------------------------------
     0 | D:1      | Zapata, the Kobold Berserker, began the quest for the Orb.
     0 | D:1      | Reached XP level 1. HP: 14/14 MP: 1/1
   103 | D:1      | Reached XP level 2. HP: 9/19 MP: 2/2
   633 | D:2      | Reached skill level 4 in Maces & Flails
   633 | D:2      | Reached XP level 3. HP: 19/23 MP: 3/3
   641 | D:2      | Acquired Trog's second power
   774 | D:2      | Found a burning altar of Makhleb.
   937 | D:2      | Reached XP level 4. HP: 28/28 MP: 4/4
   946 | D:2      | Reached skill level 5 in Maces & Flails
  1106 | D:2      | Found a sacrificial altar of Ru.
  1287 | D:3      | Reached XP level 5. HP: 32/32 MP: 5/5
  2136 | D:3      | Found a glowing golden altar of the Shining One.
  2385 | D:3      | Reached skill level 6 in Maces & Flails
  2388 | D:3      | Received a gift from Trog
  2589 | D:3      | Found a glowing silver altar of Zin.
  2695 | D:4      | Reached XP level 6. HP: 37/37 MP: 6/6
  3293 | D:4      | Reached skill level 7 in Maces & Flails
  3323 | D:4      | Reached XP level 7. HP: 39/41 MP: 7/7
  3886 | D:4      | Reached skill level 8 in Maces & Flails
  4080 | D:4      | Noticed a sky beast
  4089 | D:4      | HP: 2/61 [something (6)]
  4090 | D:4      | Slain by a sky beast

Action                   |  1- 3 |  4- 6 |  7- 9 || total
-------------------------+-------+-------+-------++-------
Melee: Mace              |    80 |   126 |    45 ||   251
Invok: Berserk           |     2 |     5 |     2 ||     9
       Trog's Hand       |       |       |     1 ||     1
  Use: Scroll            |       |     6 |       ||     6
 Stab: Sleeping          |     2 |       |       ||     2
  Eat: Chunk             |     7 |    14 |     1 ||    22
